 Dungeon Crawl Stone Soup version 0.16.1-51-g6203257 (webtiles) character file.

3325 ztt the Dealer of Despair (level 9, -1/78 HPs)
             Began as a Deep Dwarf Necromancer on July 16, 2015.
             Was an Elder of Kikubaaqudgha.
             Shot with an arrow by a centaur (11 damage)
             ... on level 8 of the Dungeon on July 17, 2015.
             The game lasted 00:53:43 (12588 turns).

ztt the Dealer of Despair (Deep Dwarf Necromancer) Turns: 12588, Time: 00:53:44

Health: -1/78      AC:  4    Str: 12    XL:     9   Next: 71%
Magic:  24/24      EV: 15    Int: 19    God:    Kikubaaqudgha [****..]
Gold:   333        SH:  0    Dex: 18    Spells: 5 memorised, 9 levels left

rFire  + . .     SeeInvis .     k - +1 war axe
rCold  . . .     Clarity  .     a - +0 robe
rNeg   . . .     SustAb   .     (no shield)
rPois  .         Gourm    .     g - +0 helmet
rElec  .         Spirit   .     (no cloak)
rCorr  .         Warding  .     (no gloves)
rMut   .         Stasis   .     A - +0 pair of boots
MR     +....                    (no amulet)
Stlth  +++.......               p - +5 ring of dexterity
                                f - ring of protection from fire

@: non-regenerating, somewhat resistant to hostile enchantments, fairly stealthy
A: damage resistance, recharge devices, sense surroundings 2, slow healing 3
a: Device Recharging, Receive Corpses, Renounce Religion


You were on level 8 of the Dungeon.
You worshipped Kikubaaqudgha.
Kikubaaqudgha was greatly pleased with you.
You were hungry.

You visited 1 branch of the dungeon, and saw 8 of its levels.

You collected 333 gold pieces.

Inventory:

Hand weapons
 k - a +1 war axe (weapon)
Armour
 a - a +0 robe (worn)
 g - a +0 helmet (worn)
 A - a +0 pair of boots (worn)
Magical staves
 t - an uncursed staff of poison
Jewellery
 e - an uncursed amulet of stasis
 f - a ring of protection from fire (left hand)
 p - a +5 ring of dexterity (right hand)
 D - an uncursed amulet of the gourmand {unknown}
 F - a cursed -6 ring of dexterity
Magical devices
 c - a wand of heal wounds (8)
 r - a wand of random effects (17)
 s - a wand of polymorph (10)
 u - a wand of random effects (25)
 y - a wand of draining (5)
Scrolls
 i - a scroll of remove curse
 l - 4 scrolls of teleportation
 x - 2 scrolls of enchant weapon
 C - a scroll of identify
 E - a scroll of recharging
Potions
 h - 5 potions of curing
 m - a potion of restore abilities {unknown}
 n - a potion of berserk rage
 o - 2 potions of brilliance
 v - a potion of ambrosia
 w - 2 potions of degeneration {unknown}
 z - a potion of might
Books
 b - a book of Necromancy

   Spells                             Type                      Level
   a - Pain                           Necromancy                   1
   b - Animate Skeleton               Necromancy                   1
   c - Vampiric Draining              Necromancy                   3
   d - Regeneration                   Charms/Necromancy            3
   e - Animate Dead                   Necromancy                   4
   f - Control Undead                 Necromancy                   4
 q - Kikubaaqudgha's Almanac of Evil
   (Kikubaaqudgha gifted it to you on level 3 of the Dungeon)

   Spells                             Type                      Level
   a - Pain                           Necromancy                   1
   b - Corpse Rot                     Necromancy                   2
   c - Sublimation of Blood           Necromancy                   2
   d - Vampiric Draining              Necromancy                   3
   e - Control Undead                 Necromancy                   4
 B - Kikubaaqudgha's Catalogue of Sinister Magic
   (Kikubaaqudgha gifted it to you on level 6 of the Dungeon)

   Spells                             Type                      Level
   a - Animate Dead                   Necromancy                   4
   b - Bolt of Draining               Conjuration/Necromancy       5
   c - Agony                          Necromancy                   5
   d - Dispel Undead                  Necromancy                   5
   e - Simulacrum                     Ice/Necromancy               6
Comestibles
 d - 2 bread rations
 j - a meat ration
 G - 2 chunks of flesh


   Skills:
 * Level 3.6 Fighting
 + Level 0.9 Axes
 + Level 4.9 Dodging
 - Level 4.0 Stealth
 + Level 7.0 Spellcasting
 * Level 10.8 Necromancy


You had 9 spell levels left.
You knew the following spells:

 Your Spells              Type           Power        Failure   Level  Hunger
a - Pain                  Necr           ####         1%          1    None
b - Animate Skeleton      Necr           N/A          1%          1    None
c - Vampiric Draining     Necr           #####.....   1%          3    #......
d - Animate Dead          Necr           N/A          1%          4    ###....
e - Control Undead        Necr           #####.....   1%          4    ###....


Dungeon Overview and Level Annotations

Branches:
Dungeon (8/15)             Temple (0/1) D:5
   Lair: D:8-11

Altars:
Ashenzari
Kikubaaqudgha
Makhleb
Yredelemnul

Annotations:
D:3 Grinder
D:4 Miyamura's ghost, average MiHu
D:6 Ektor's ghost, experienced HOFi
D:8 Grum


Innate Abilities, Weirdness & Mutations

You are resistant to damage.
You can recharge devices by infusing magical energy.
You passively map the area around you.
You do not heal naturally.


Message History

Anything else - Stay silent.
Wait here!
You are feeling hungry.
The giant frog zombie is no longer charmed.
You start waiting.
A centaur comes into view.
The centaur shouts!
The centaur wields a shortbow.
The centaur shoots an arrow.
The arrow hits you!
* * * LOW HITPOINT WARNING * * *
You see here an arrow.
The centaur shoots an arrow.
The arrow misses you.
You see here an arrow.
The centaur shoots an arrow.
The arrow closely misses you.
The centaur shoots an arrow.
The arrow hits you.
* * * LOW HITPOINT WARNING * * *
You see here 2 arrows.
There is an escape hatch in the ceiling here.
The centaur shoots an arrow.
The arrow hits you!
You die...
Kikubaaqudgha rasps: "You have failed me!
Welcome... death!"

* ***#####....>..#.##...##
#.............###...#
#...........c#####..####
#............# #.......###
#............###.........#
#........(..)##..........>
#........(.#.##........... #
#........(.#)##........... ##
#........@##.#............ .###
##.........##.#............
...####.........###.#............
....##...######## #.#...........(
.......### #..............
......## #### #.#............
.....## ##..#######.##..........(
....## ##.........#.###........##
....# #............# ##...#####


You could see a centaur.

Vanquished Creatures
  A hungry ghost (D:7)
  Duvessa (D:6)
  3 wolves
  An ice beast (D:5)
  2 sky beasts
  4 ogres
  A phantom (D:8)
  A giant frog (D:8)
  A big kobold (D:8)
  3 centaurs
  2 scorpions (D:8)
  A centaur zombie (D:7)
  Dowan (D:6)
  A crimson imp (D:6)
  5 orc priests
  2 hounds
  3 jellies
  8 orc wizards
  An iguana (D:8)
  Natasha (twice) (D:6)
  5 worker ants
  Ijyb (D:7)
  A hound skeleton (D:6)
  Robin (D:2)
  5 gnolls (D:6)
  A shadow imp (D:6)
  10 adders
  2 giant mites
  3 worms
  An adder skeleton (D:4)
  5 giant geckos
  30 orcs
  A ball python (D:3)
  11 bats
  A bat skeleton (D:6)
  5 giant cockroaches
  25 goblins
  17 hobgoblins
  6 jackals
  An ooze (D:1)
  A quokka (D:3)
  3 giant newts
  12 kobolds
  A quokka skeleton (D:5)
  15 rats
  4 ballistomycetes (D:7)
212 creatures vanquished.

Vanquished Creatures (collateral kills)
  Eustachio (D:7)
  A wolf (D:8)
  An ice beast (D:7)
  An ogre (D:7)
  A phantom (D:7)
  A crimson imp (D:6)
  A hound (D:7)
  A giant frog skeleton (D:7)
  An orc wizard (D:8)
  A mummy (D:8)
  2 shadow imps
  2 adder skeletons
  Natasha (D:6)
  A bat skeleton (D:7)
  A giant gecko zombie (D:6)
17 creatures vanquished.

Vanquished Creatures (others)
  A centaur zombie (D:6)
  A centaur skeleton (D:5)
  A sky beast zombie (D:6)
  An elf zombie (D:6)
  An ogre zombie (D:7)
  An adder (D:6)
  A scorpion zombie (D:8)
  2 goblin zombies (D:7)
  An adder zombie (D:6)
  A bat skeleton (D:6)
  2 gnoll zombies (D:6)
  5 giant spores
  2 jackal zombies
  A kobold zombie (D:8)
  8 orc zombies
29 creatures vanquished.

Grand Total: 258 creatures vanquished

Notes
Turn   | Place    | Note
--------------------------------------------------------------
     0 | D:1      | ztt, the Deep Dwarf Necromancer, began the quest for the Orb.
     0 | D:1      | Reached XP level 1. HP: 15/15 MP: 2/2
    34 | D:1      | Learned a level 1 spell: Animate Skeleton
   188 | D:1      | Reached XP level 2. HP: 20/22 MP: 0/3
  1030 | D:2      | Found a shattered altar of Ashenzari.
  1045 | D:2      | Reached XP level 3. HP: 25/28 MP: 3/6
  1079 | D:2      | Reached skill level 5 in Necromancy
  1241 | D:2      | Learned a level 3 spell: Vampiric Draining
  1924 | D:2      | Noticed Robin
  2558 | D:2      | Reached XP level 4. HP: 23/36 MP: 0/8
  2648 | D:2      | Found an ancient bone altar of Kikubaaqudgha.
  2673 | D:2      | Became a worshipper of Kikubaaqudgha
  2974 | D:2      | Killed Robin
  3518 | D:3      | Noticed Grinder
  3712 | D:3      | Reached XP level 5. HP: 25/42 MP: 1/11
  4029 | D:3      | Acquired Kikubaaqudgha's first power
  4029 | D:3      | Received a gift from Kikubaaqudgha
  4038 | D:3      | Identified Kikubaaqudgha's Almanac of Evil (Kikubaaqudgha gifted it to you on level 3 of the Dungeon)
  4123 | D:3      | Learned a level 4 spell: Animate Dead
  4218 | D:3      | Paralysed by Grinder for 7 turns
  5090 | D:4      | Reached XP level 6. HP: 46/49 MP: 0/13
  5250 | D:4      | Noticed Miyamura's ghost (average MiHu)
  5603 | D:4      | Reached skill level 6 in Necromancy
  5709 | D:5      | Entered Level 5 of the Dungeon
  6079 | D:5      | Acquired Kikubaaqudgha's second power
  6451 | D:5      | Reached XP level 7. HP: 28/55 MP: 4/17
  6538 | D:5      | Found a burning altar of Makhleb.
  6705 | D:5      | Reached skill level 7 in Necromancy
  7005 | D:5      | Found a staircase to the Ecumenical Temple.
  7015 | D:5      | Reached skill level 5 in Spellcasting
  7175 | D:5      | Reached skill level 1 in Fighting
  7446 | D:6      | Reached XP level 8. HP: 15/64 MP: 7/20
  7456 | D:6      | Reached skill level 8 in Necromancy
  7731 | D:6      | Noticed Duvessa
  7731 | D:6      | Noticed Dowan
  7751 | D:6      | Killed Dowan
  7763 | D:6      | Killed Duvessa
  7827 | D:6      | Your ally Duvessa died
  8477 | D:6      | Learned a level 4 spell: Control Undead
  8813 | D:6      | Noticed Ektor's ghost (experienced HOFi)
  8947 | D:6      | Received a gift from Kikubaaqudgha
  8954 | D:6      | Identified Kikubaaqudgha's Catalogue of Sinister Magic (Kikubaaqudgha gifted it to you on level 6 of the Dungeon)
  9305 | D:6      | Noticed Natasha
  9313 | D:6      | Killed Natasha
  9332 | D:6      | Noticed Natasha
  9551 | D:6      | Killed Natasha
  9834 | D:7      | Noticed Ijyb
  9840 | D:7      | Killed Ijyb
  9840 | D:7      | Reached skill level 9 in Necromancy
  9919 | D:7      | Your ally Ijyb died
 10076 | D:6      | Killed Natasha
 10207 | D:6      | Gained mutation: You passively map the area around you. [level up]
 10207 | D:6      | Reached XP level 9. HP: 63/74 MP: 0/23
 10535 | D:7      | Noticed Eustachio
 10540 | D:7      | Killed Eustachio
 10584 | D:7      | Found a basalt altar of Yredelemnul.
 11427 | D:8      | Reached skill level 10 in Necromancy
 11729 | D:8      | Acquired Kikubaaqudgha's third power
 12132 | D:8      | Noticed Grum
 12588 | D:8      | Shot with an arrow by a centaur

Action                   |  1- 3 |  4- 6 |  7- 9 || total
-------------------------+-------+-------+-------++-------
Melee: War axe           |     3 |     8 |   135 ||   146
 Cast: Pain              |    80 |    77 |   129 ||   286
       Vampiric Draining |    10 |    63 |   127 ||   200
       Animate Dead      |       |     1 |    16 ||    17
       Control Undead    |       |       |     5 ||     5
Invok: Receive Corpses   |       |       |     1 ||     1
Evoke: Wand              |       |       |     1 ||     1
  Use: Scroll            |     3 |     8 |     2 ||    13
       Potion            |       |     1 |       ||     1
 Stab: Sleeping          |       |     1 |     1 ||     2
  Eat: Chunk             |     3 |     9 |    15 ||    27
       Bread ration      |     1 |       |     1 ||     2
       Meat ration       |       |     1 |       ||     1
       Fruit             |       |     3 |     4 ||     7
       Beef jerky        |       |     1 |     4 ||     5
